 Dungeon Crawl Stone Soup version 0.23.2-33-g5129a83184 (webtiles) character file.

Game seed: 15508458803095259618

565 Electrofox the Fighter (level 7, -8/63 HPs)
             Began as a Gnoll Wanderer on Aug 2, 2019.
             Was an Initiate of Nemelex Xobeh.
             Mangled by a wraith (12 damage)
             ... on level 4 of the Dungeon.
             The game lasted 00:50:46 (4342 turns).

Electrofox the Fighter (Gnoll Wanderer)             Turns: 4342, Time: 00:50:48

Health: -8/63      AC:  6    Str: 17    XL:     7   Next: 32%
Magic:  0/10       EV: 12    Int: 14    God:    Nemelex Xobeh [......]
Gold:   205        SH:  0    Dex: 16    Spells: 10/10 levels left

rFire    . . .     SeeInvis .   a - +2 spear
rCold    + . .     Gourm    .   (no shield)
rNeg     . . .     Faith    .   E - +2 leather armour {rC+}
rPois    .         Spirit   +   (no helmet)
rElec    .         Reflect  .   (no cloak)
rCorr    .         Harm     .   (no gloves)
MR       .....                  q - +0 pair of boots
Stlth    +++.......             i - amulet of guardian spirit
HPRegen  0.20/turn              y - +2 ring of dexterity
MPRegen  0.12/turn              (no ring)

@: starving, slowed, very slow
A: distributed training, fangs 1, strong nose
a: Draw Escape, Draw Destruction, Draw Summoning, Renounce Religion


You were on level 4 of the Dungeon.
You worshipped Nemelex Xobeh.
Nemelex Xobeh was noncommittal.
You were starving.

You visited 2 branches of the dungeon, and saw 6 of its levels.
You also visited: Ossuary.

You collected 205 gold pieces.

Inventory:

Hand Weapons
 a - a +2 spear (weapon)
 b - a +0 hunting sling
 h - a +1 whip of draining
 r - a +0 blowgun
Missiles
 c - 12 poisoned needles
 s - 76 stones (quivered)
 x - 8 sling bullets
Armour
 q - a +0 pair of boots (worn)
 E - a +2 leather armour of cold resistance (worn)
 F - a +0 ring mail of magic resistance
Magical Staves
 B - an uncursed staff of earth
Jewellery
 i - an amulet of guardian spirit (around neck)
 y - a +2 ring of dexterity (left hand)
Wands
 k - a wand of acid (10)
Scrolls
 d - 4 scrolls of teleportation
 e - a scroll of fear {unknown}
 f - 2 scrolls of identify
 m - a scroll of magic mapping
 n - a scroll of fog {unknown}
 o - 2 scrolls of amnesia
 w - a scroll of random uselessness {unknown}
 A - a scroll of enchant weapon {unknown}
 D - a scroll of immolation {unknown}
 H - a scroll of holy word {unknown}
Potions
 j - 2 potions of berserk rage {unknown}
 l - 5 potions of curing {unknown}
 p - 2 potions of haste {unknown}
 t - a potion of cancellation {unknown}
 u - 2 potions of mutation {unknown}
 v - a potion of heal wounds {unknown}
 z - 2 potions of brilliance
 C - a potion of agility {unknown}
 G - a potion of invisibility {unknown}
Comestibles
 g - 7 rations


   Skills:
 + Level 8.9 Fighting
 + Level 2.3 Short Blades
 + Level 3.5 Long Blades
 + Level 2.3 Axes
 + Level 2.3 Maces & Flails
 + Level 3.5 Polearms
 + Level 2.3 Staves
 + Level 2.3 Slings
 + Level 2.3 Bows
 + Level 2.3 Crossbows
 + Level 3.5 Throwing
 + Level 2.3 Armour
 + Level 2.3 Dodging
 + Level 6.4 Stealth
 + Level 2.3 Shields
 + Level 2.3 Unarmed Combat
 + Level 2.3 Spellcasting
 + Level 1.9 Conjurations
 + Level 1.9 Hexes
 + Level 1.9 Charms
 + Level 1.9 Summonings
 + Level 1.9 Necromancy
 + Level 1.9 Translocations
 + Level 1.9 Transmutations
 + Level 1.9 Fire Magic
 + Level 1.9 Ice Magic
 + Level 1.9 Air Magic
 + Level 1.9 Earth Magic
 + Level 1.9 Poison Magic
 + Level 2.6 Invocations
 + Level 2.3 Evocations


You had 10 spell levels left.
You didn't know any spells.
Your spell library was empty.

Dungeon Overview and Level Annotations

Branches:
Dungeon (5/15)             Temple (1/1) D:4

Altars:
Cheibriados
Elyvilon
Fedhas
Hepliaklqana
Kikubaaqudgha
Makhleb
Nemelex Xobeh
Okawaru
Qazlal
Ru
Sif Muna
Trog
Uskayaw
Xom
Yredelemnul
The Shining One

Annotations:
D:3 exclusion: orc, Jessica, Sigmund


Innate Abilities, Weirdness & Mutations

Your experience applies equally to all skills.
You have very sharp teeth.
Your uncanny sense of smell can sniff out nearby items.


Message History

* * * LOW HITPOINT WARNING * * *
The wraith drains your vigour!
You feel as though you will be slow longer.
The wraith hits you but does no damage.
The wraith is no longer moving slowly.
The wraith hits you but does no damage.
You are starving!
The wraith barely misses you. The wraith hits you!
* * * LOW HITPOINT WARNING * * *
The wraith drains your vigour!
You feel as though you will be slow longer.
There is a staircase to the Ecumenical Temple here.
The wraith hits you.
* * * LOW HITPOINT WARNING * * *
The wraith drains your vigour!
You feel as though you will be slow longer.
The wraith hits you!
You die...
Your body disappears without a glow.

#..### ##....# #.....##
##......### #.........## #####
##.......†..#### ##...##
#...##.......#.## ##.....#
##...###...#.....##
####...##.###8@8###.#.##......#
##.#.........##W..#..#.##......#
#............#.................#
##..............................#
............##.....#............#
...........##......#............#
........##.........H.............
.........<.......................
.>.....###...........#...........


You could see a hippogriff (wandering) and a wraith.

Vanquished Creatures
  A scorpion (D:4)
  A howler monkey (D:4)
  2 hounds (D:4)
  A bullfrog skeleton (D:4)
  Ijyb (D:3)
  An orc wizard (D:3)
  2 worker ants (D:4)
  Terence (D:2)
  5 adders
  3 gnolls
  4 adder zombies (Ossuary)
  3 worms
  3 dart slugs
  2 leopard geckos
  12 orcs
  6 giant cockroaches
  7 goblins
  7 hobgoblins
  4 jackals (D:3)
  2 quokkas
  A ball python (D:4)
  A ball python skeleton (Ossuary)
  9 bats
  A hobgoblin skeleton (Ossuary)
  A jackal skeleton (D:5)
  9 kobolds
  An orc skeleton (Ossuary)
  An orc zombie (Ossuary)
  3 rats
  A plant (D:4)
96 creatures vanquished.

Vanquished Creatures (collateral kills)
  A phantom (D:4)
1 creature vanquished.

Grand Total: 97 creatures vanquished

Notes
Turn   | Place    | Note
-------+----------+-------------------------------------------
     0 | D:1      | Electrofox the Gnoll Wanderer began the quest for the Orb.
     0 | D:1      | Electrofox set off with the following items: a +2 spear, a
                  | scroll of teleportation, 10 poisoned needles, a +0 blowgun,
                  | a +0 robe, a +0 dagger, a ration
     0 | D:1      | Reached XP level 1. HP: 26/26 MP: 1/1
   130 | D:1      | Reached XP level 2. HP: 33/33 MP: 2/2
   567 | D:2      | Noticed Terence
   598 | D:2      | Killed Terence
   598 | D:2      | Reached skill level 1 in Invocations
   598 | D:2      | Reached XP level 3. HP: 26/38 MP: 2/4
   762 | D:2      | Reached skill level 1 in Short Blades
   762 | D:2      | Reached skill level 1 in Axes
   762 | D:2      | Reached skill level 1 in Maces & Flails
   762 | D:2      | Reached skill level 1 in Staves
   762 | D:2      | Reached skill level 1 in Slings
   762 | D:2      | Reached skill level 1 in Bows
   762 | D:2      | Reached skill level 1 in Crossbows
   762 | D:2      | Reached skill level 1 in Armour
   762 | D:2      | Reached skill level 1 in Dodging
   762 | D:2      | Reached skill level 1 in Shields
   762 | D:2      | Reached skill level 1 in Unarmed Combat
   762 | D:2      | Reached skill level 1 in Spellcasting
   762 | D:2      | Reached skill level 1 in Evocations
   805 | D:2      | Found a burning altar of Makhleb.
   805 | D:2      | Noticed a balrug
   808 | D:2      | Noticed a smoke demon
   808 | D:2      | Noticed a hellwing
   848 | D:2      | Reached XP level 4. HP: 45/45 MP: 5/5
   898 | D:2      | Found a blossoming altar of Fedhas.
  1594 | D:3      | Reached skill level 1 in Conjurations
  1594 | D:3      | Reached skill level 1 in Hexes
  1594 | D:3      | Reached skill level 1 in Charms
  1594 | D:3      | Reached skill level 1 in Summonings
  1594 | D:3      | Reached skill level 1 in Necromancy
  1594 | D:3      | Reached skill level 1 in Translocations
  1594 | D:3      | Reached skill level 1 in Transmutations
  1594 | D:3      | Reached skill level 1 in Fire Magic
  1594 | D:3      | Reached skill level 1 in Ice Magic
  1594 | D:3      | Reached skill level 1 in Air Magic
  1594 | D:3      | Reached skill level 1 in Earth Magic
  1594 | D:3      | Reached skill level 1 in Poison Magic
  1608 | D:3      | Noticed a hippogriff
  1732 | D:3      | Reached XP level 5. HP: 51/51 MP: 6/6
  1975 | D:3      | Noticed Jessica
  1983 | D:3      | Found an ancient bone altar of Kikubaaqudgha.
  2040 | D:3      | Noticed Sigmund
  2054 | D:3      | Noticed Ijyb
  2081 | D:3      | Killed Ijyb
  2478 | D:4      | Reached XP level 6. HP: 43/57 MP: 8/8
  2621 | D:4      | Found a staircase to the Ecumenical Temple.
  2665 | Temple   | Entered the Ecumenical Temple
  2797 | Temple   | Became a worshipper of Nemelex Xobeh the Trickster
  2813 | D:4      | Received a gift from Nemelex Xobeh
  2993 | D:4      | Found a snail-covered altar of Cheibriados.
  3332 | D:4      | Noticed a phantom
  3364 | D:4      | Noticed a hippogriff
  3450 | D:4      | Reached XP level 7. HP: 62/63 MP: 10/10
  3932 | D:5      | Entered Level 5 of the Dungeon
  4000 | D:5      | Found a sand-covered staircase.
  4006 | Ossuary  | Entered an ossuary
  4074 | Ossuary  | Noticed a wraith
  4074 | Ossuary  | Noticed a flying skull
  4108 | Ossuary  | Noticed a flying skull
  4127 | Ossuary  | Noticed a flying skull
  4258 | Ossuary  | Noticed a wraith
  4342 | D:4      | Mangled by a wraith

Skill      XL: |  1  2  3  4  5  6 |
---------------+-------------------+-----
Stealth        | 6 |  6.4
Invocations    | 1 2 |  2.6
Short Blades   | 1 2 |  2.3
Axes           | 1 2 |  2.3
Maces & Flails | 1 2 |  2.3
Staves         | 1 2 |  2.3
Slings         | 1 2 |  2.3
Bows           | 1 2 |  2.3
Crossbows      | 1 2 |  2.3
Armour         | 1 2 |  2.3
Dodging        | 1 2 |  2.3
Shields        | 1 2 |  2.3
Unarmed Combat | 1 2 |  2.3
Spellcasting   | 1 2 |  2.3
Evocations     | 1 2 |  2.3
Conjurations   | 1 |  1.9
Hexes          | 1 |  1.9
Charms         | 1 |  1.9
Summonings     | 1 |  1.9
Necromancy     | 1 |  1.9
Translocations | 1 |  1.9
Transmutations | 1 |  1.9
Fire Magic     | 1 |  1.9
Ice Magic      | 1 |  1.9
Air Magic      | 1 |  1.9
Earth Magic    | 1 |  1.9
Poison Magic   | 1 |  1.9
Long Blades    | 3 |  3.5
Polearms       | 3 |  3.5
Throwing       | 3 |  3.5
Fighting       | |  8.9

Action                   |  1- 3 |  4- 6 |  7- 9 || total
-------------------------+-------+-------+-------++-------
Melee: Spear             |    69 |   198 |    59 ||   326
       Bite              |    11 |    39 |     6 ||    56
       Punch             |       |     2 |       ||     2
       Whip              |       |       |     6 ||     6
 Fire: Hunting sling     |     1 |    56 |    16 ||    73
       Blowgun           |       |     9 |       ||     9
Throw: Stone             |       |     2 |       ||     2
 Abil: Draw Escape       |       |       |     2 ||     2
       Draw Destruction  |       |       |     1 ||     1
       Draw Summoning    |       |       |     1 ||     1
  Use: Scroll            |       |     4 |     3 ||     7
 Stab: Sleeping          |     2 |     2 |     7 ||    11
  Eat: Chunk             |       |     8 |     1 ||     9
Armor: Scale mail        |    16 |    42 |       ||    58
       Ring mail         |       |     8 |       ||     8
       Leather armour    |       |       |    16 ||    16
Dodge: Dodged            |    28 |    66 |    42 ||   136
